 Dungeon Crawl Stone Soup version 0.30-a0-728-gc68057be0a (webtiles) character file.

Game seed: 15531931364668789267

38942 browni3141 the Earth Mage (level 14, -11/103 (105) HPs)
             Began as a Human Earth Elementalist on Jan 30, 2023.
             Was an Elder of Kikubaaqudgha.
             Killed from afar by a death drake (22 damage)
             ... with a foul vapour
             ... in a Gauntlet.
             The game lasted 00:40:52 (15171 turns).

browni3141 the Earth Mage (HuEE)                   Turns: 15171, Time: 00:40:52

HP:   -11/103 (105) AC: 14    Str: 18    XL:     14   Next: 36%
MP:   18/18         EV: 21    Int: 26    God:    Kikubaaqudgha [****..]
Gold: 793           SH:  0    Dex: 26    Spells: 3/19 levels left

rFire   + . .      SeeInvis .    t - +5 dagger of Yzoph {drain, Dex+3}
rCold   . . .      Faith    .    (no shield)
rNeg    . . .      Spirit   .    p - +4 robe of Augmentation {Str+4 Int+4 Dex+4}
rPois   +          Reflect  .    O - +0 helmet
rElec   .          Harm     .    W - +2 cloak {rCorr}
rCorr   +          Rampage  .    b - +0 pair of gloves
Will    ++...      NoTele   +    N - +2 pair of boots
Stlth   +++                      d - amulet of magic regeneration
HPRegen 0.37/turn                L - ring of poison resistance
MPRegen 0.56/turn                l - ring of the Inviting Queen {rF+ Will+ Str+6 Dex+6 Stlth-}

@: slowed, studying Maces & Flails, lightly drained, very slow
A: no striking features
a: Renounce Religion, Unearth Wretches


You were in a Gauntlet.
You worshipped Kikubaaqudgha.
Kikubaaqudgha was greatly pleased with you.
You visited 4 branches of the dungeon, and saw 16 of its levels.
You also visited: Bailey and Gauntlet.

You collected 1999 gold pieces.
You spent 1206 gold pieces at shops.

Inventory:

Hand Weapons
 c - a +0 short sword
 t - the +5 dagger of Yzoph (weapon) {drain, Dex+3}
   (You found it on level 4 of the Dungeon)

   Dex:       It affects your dexterity (+3).
Missiles
 i - 25 poisoned darts
 k - 2 throwing nets
 U - 4 curare-tipped darts
Armour
 a - a +0 robe
 b - a +0 pair of gloves (worn)
 p - the +4 robe of Augmentation (worn) {Str+4 Int+4 Dex+4}
   (You found it on level 2 of the Dungeon)

   Str:       It affects your strength (+4).
   Int:       It affects your intelligence (+4).
   Dex:       It affects your dexterity (+4).
 N - a +2 pair of boots (worn)
 O - a +0 helmet (worn)
 W - a +2 cloak of preservation (worn)
Magical Staves
 M - a staff of air
Jewellery
 d - an amulet of magic regeneration (around neck)
 f - a +4 ring of protection
 l - the ring of the Inviting Queen (right hand) {rF+ Will+ Str+6 Dex+6 Stlth-}
   (You acquired it on level 5 of the Dungeon)

   [ring of dexterity]

   Str:       It affects your strength (+6).
   Dex:       It affects your dexterity (+6).
   rF:        It protects you from fire.
   Will:      It increases your willpower.
   Stlth:     It makes you less stealthy.
 x - an amulet of reflection
 B - a ring of flight
 F - a ring of willpower
 G - a ring of willpower
 H - an amulet of guardian spirit
 L - a ring of poison resistance (left hand)
 S - a ring of resist corrosion
 Y - the ring "Noydeatila" {Int+6 Dex+4}
   (You found it on level 2 of the Lair of Beasts)

   [ring of intelligence]

   Int:       It affects your intelligence (+6).
   Dex:       It affects your dexterity (+4).
Wands
 w - a wand of flame (61)
 D - a wand of polymorph (13)
 R - a wand of paralysis (15)
 X - a wand of mindburst (5)
Scrolls
 g - 8 scrolls of blinking
 h - 4 scrolls of poison
 o - 5 scrolls of fear
 q - 5 scrolls of teleportation
 u - 2 scrolls of enchant armour
 y - a scroll of noise
 z - 2 scrolls of amnesia
 E - 3 scrolls of fog
 I - 2 scrolls of magic mapping
 P - a scroll of silence
Potions
 e - a potion of mutation {unknown}
 j - 3 potions of curing
 m - 2 potions of haste
 n - 4 potions of resistance {unknown}
 r - 9 potions of heal wounds {unknown}
 s - 2 potions of cancellation {unknown}
 v - 3 potions of ambrosia {unknown}
 A - 2 potions of might {unknown}
 C - a potion of lignification {unknown}
 J - a potion of berserk rage {unknown}
 Q - a potion of brilliance {unknown}
 T - 2 potions of flight {unknown}
 V - 2 potions of degeneration {unknown}


   Skills:
 - Level 8.0 Fighting
 - Level 10.0 Short Blades
 * Level 9.6 Dodging
 - Level 8.0 Stealth
 - Level 3.0 Spellcasting
 * Level 6.0 Transmutations
 - Level 15.0 Earth Magic
 - Level 4.0 Evocations


You had 3 spell levels left.
You knew the following spells:

 Your Spells              Type           Power      Damage    Failure   Level
a - Sandblast             Erth           100%       2d20      1%          1
b - Stone Arrow           Conj/Erth      84%        3d12      1%          3
c - Petrify               Tmut/Erth      56%        N/A       1%          4
d - Passwall              Tmut/Erth      46%        N/A       1%          2
e - Statue Form           Tmut/Erth      37%        N/A       19%         6

Your spell library contained the following spells:

 Spells                   Type           Power      Damage    Failure   Level
 Spider Form              Tmut/Pois      19%        N/A       9%          3
 Apportation              Tloc           6%         N/A       10%         1
 Kiss of Death            Conj/Necr      12%        2d6       10%         1
 Necrotise                Necr           12%        1d4       10%         1
 Slow                     Hex            12%        N/A       10%         1
 Summon Small Mammal      Summ           12%        N/A       10%         1
 Cigotuvi's Dreadful Rot  Necr/Pois/Air  6%         N/A       14%         2
 Ensorcelled Hibernation  Hex/Ice        6%         N/A       14%         2
 Lesser Beckoning         Tloc           6%         N/A       14%         2
 Momentum Strike          Conj/Tloc      6%         3d8       14%         2
 Scorch                   Fire           6%         2d5       14%         2
 Confusing Touch          Hex            3%         N/A       28%         3
 Ozocubu's Armour         Ice            3%         N/A       28%         3
 Vampiric Draining        Necr           3%         2d6       28%         3
 Anguish                  Hex/Necr       1%         N/A       67%         4
 Animate Dead             Necr           3%         N/A       67%         4
 Dispel Undead            Necr           3%         3d7       67%         4
 Flame Wave               Conj/Fire      3%         2d5       67%         4
 Agony                    Necr           3%         N/A       95%         5
 Metabolic Englaciation   Hex/Ice        1%         N/A       95%         5
 Conjure Ball Lightning   Conj/Air       1%         3x3d6     100%        6
 Simulacrum               Ice/Necr       1%         N/A       100%        6
 Summon Cactus Giant      Summ           1%         N/A       100%        6
 Ozocubu's Refrigeration  Ice            1%         4d7       100%        7
 Discord                  Hex            1%         N/A       100%        8
 Disjunction              Tloc           1%         N/A       100%        8
 Infestation              Necr           1%         N/A       100%        8


Dungeon Overview and Level Annotations

Branches:
Dungeon (11/15)            Temple (1/1) D:4            Lair (2/5) D:10
  Snake (0/4) Lair:2          Orc (2/2) D:9             Elf (0/3) Orc:2
 Bailey (visited)         Gauntlet (1/1)
  Swamp: Lair:2-3    Shoals: Lair:2-3

Altars:
Ashenzari
Cheibriados
Dithmenos
Elyvilon
Fedhas
Gozag
Hepliaklqana
Kikubaaqudgha
Makhleb
Nemelex Xobeh
Okawaru
Qazlal
Ru
Sif Muna
Trog
Uskayaw
Vehumet
Wu Jian
Xom
Yredelemnul
Zin
The Shining One

Shops:
D:1 =   D:7 *   D:10 [   Orc:1 :   Orc:2 :==*

Annotations:
D:9 3 runed translucent doors, exclusion: 3 doors, Harold; gabagool's ghost, journeyman MfGl
Lair:2 3 runed translucent doors, jimonade's ghost, journeyman VSGl
Orc:1 1 runed translucent door, exclusion: door Gauntlet 9 transporters


Message History

Your raiju looks as sick as possible!
Your raiju barely misses the death drake.
The death drake bites you but does no damage.
Your raiju is engulfed in dark miasma.
Your raiju looks even sicker.
Your raiju barely misses the death drake.
Your raiju is engulfed in dark miasma.
Your raiju looks as sick as possible!
Your raiju seems to slow down.
Your raiju closely misses the death drake.
Unknown command.
You hit the death drake.
The death drake is almost dead.
You are engulfed in dark miasma.
You are lethally poisoned!
You feel as though you will be slow longer.
* * * LOW HITPOINT WARNING * * *
x2 You feel very sick.
The death drake closely misses you.
You feel better.
You are engulfed in dark miasma.
Your raiju is no longer moving slowly.
Your raiju dies!
Your raiju's corpse dissolves into shadows!
Your raiju dies!
Your raiju's corpse dissolves into shadows!
The death drake bites you.
* * * LOW HITPOINT WARNING * * *
The death drake completely misses you.
Blink to where?
Press: ? - help, Dir - move target, p - death drake
As you read the scroll of blinking, it crumbles to dust.
The death drake breathes miasma at you.
Aiming: Mindburst
Press: ? - help, Shift-Dir - straight line, f - death drake
Aim: a death drake (foul pestilence, almost dead, lightly drained, chance to affect: 68%)
The death drake struggles to resist.
You are engulfed in dark miasma.
* * * LOW HITPOINT WARNING * * *
The death drake breathes miasma at you. The foul vapour engulfs you!!
You die...
Kikubaaqudgha rasps: "You have failed me!
Welcome... death!"

###...8.#...#.§§≈8≈...#...#.8.
#.....#.©.#....≈....#.©.#...
###..###########...###########
#8#..#...#.#...#...#..#......#
###..#..#...#..#...#...#.....#
#..#.##..°##.#...#...#....##
###..##.☼#.#°°##...#...©#.##.#
#8#..#...k°°°°°#...#...###...#
###..##..#.#°@##...#.##.#....#
#..#.#######°#...##....#...#
###..#..#...#.°#...#.....#...#
#8#..#..[.©[!..#...#}y.=©$#..#
###..###########...###########
#.....#.©.#....≈....#.©.#...
###...8.#...#...≈8≈...#...#.8.
#8#.....#.©.#....§....#.©.#...
###..###########...###########


You could see a death drake (catching breath, drained).

Vanquished Creatures
  An orc warlord (Bailey)
  Josephine (Orc:1)
  A boulder beetle (D:11)
  2 two-headed ogres
  3 orc high priests (Orc:2)
  Nergalle (Orc:1)
  Sonja (D:11)
  6 orc knights
  4 orc sorcerers (Orc:2)
  A worldbinder (Gauntlet)
  A cyclops (D:11)
  A salamander (Lair:2)
  An elephant (D:10)
  Maurice (Orc:1)
  4 cane toads
  An unseen horror (D:11)
  A komodo dragon (Lair:1)
  A kobold demonologist (D:11)
  4 trolls
  4 blink frogs (Lair:2)
  Grinder (D:6)
  5 wraiths
  19 yaks
  3 wyverns
  3 basilisks
  2 steam dragons
  4 vampire mosquitoes (D:11)
  4 wargs (Orc:1)
  3 water moccasins
  3 acid dragons
  32 orc warriors
  2 ice beasts (D:7)
  3 sky beasts
  4 black bears
  2 boggarts (Gauntlet)
  11 ogres
  8 centaurs
  A phantom (D:4)
  7 kobold brigands
  7 bullfrogs
  3 gnoll sergeants
  A scorpion (D:6)
  2 necrophages
  8 wights
  3 howler monkeys
  4 electric eels (D:8)
  3 lava snakes (Lair:2)
  2 hounds
  16 orc priests
  A jelly (D:8)
  3 iguanas
  21 orc wizards
  The ghost of Colbychu the Sneak, a weakling KoBr (D:5)
  13 adders
  20 gnolls
  3 shadow imps
  2 white imps (D:5)
  2 ufetubi
  3 worms
  The ghost of ASSMAN the Sneak, a weakling FoDe (D:5)
  2 dart slugs (D:1)
  83 orcs
  3 bats
  12 endoplasms
  2 giant cockroaches
  20 goblins
  11 hobgoblins
  4 jackals
  3 quokkas
  12 ball pythons
  2 frilled lizards
  14 kobolds
  4 rats
448 creatures vanquished.

Vanquished Creatures (collateral kills)
  A spectral wolf spider (Gauntlet)
  2 spectral centaurs (Gauntlet)
3 creatures vanquished.

Vanquished Creatures (others)
  16 demonic plants (Gauntlet)
  A fungus (Lair:2)
  6 withered plants (D:5)
23 creatures vanquished.

Grand Total: 474 creatures vanquished

Notes
Turn   | Place    | Note
-------+----------+-------------------------------------------
     0 | D:1      | browni3141 the Human Earth Elementalist began the quest for
                  | the Orb.
     0 | D:1      | Reached XP level 1. HP: 13/13 MP: 3/3
    95 | D:1      | Reached skill level 1 in Fighting
   117 | D:1      | Reached XP level 2. HP: 2/21 MP: 0/5
   443 | D:1      | Reached XP level 3. HP: 26/26 MP: 4/6
   619 | D:1      | Found Tuacirch's Jewellery Boutique.
   634 | D:1      | Reached skill level 4 in Earth Magic
   981 | D:2      | Reached XP level 4. HP: 32/32 MP: 5/7
  1288 | D:2      | Found the +4 robe of Augmentation {Str+4 Int+4 Dex+4}
  1492 | D:3      | Found a shadowy altar of Dithmenos.
  1496 | D:3      | Reached skill level 5 in Earth Magic
  1528 | D:3      | Reached XP level 5. HP: 37/37 MP: 5/8
  1556 | D:3      | Learned a level 3 spell: Stone Arrow
  1561 | D:3      | Learned a level 4 spell: Petrify
  1685 | D:3      | Found a bloodstained altar of Trog.
  2035 | D:4      | Identified the +5 dagger of Yzoph {drain, Dex+3}
  2053 | D:4      | Noticed a sky beast
  2069 | D:4      | Killed a sky beast
  2070 | D:4      | Reached XP level 6. HP: 34/44 MP: 9/9
  2161 | D:4      | Reached skill level 1 in Short Blades
  2171 | D:4      | Found a staircase to the Ecumenical Temple.
  2184 | Temple   | Entered the Ecumenical Temple
  2459 | D:4      | Noticed an ogre
  2498 | D:4      | Reached XP level 7. HP: 50/50 MP: 9/11
  2765 | D:4      | Reached skill level 6 in Earth Magic
  2954 | D:4      | Reached XP level 8. HP: 52/56 MP: 10/12
  3172 | D:5      | Entered Level 5 of the Dungeon
  3217 | D:5      | Noticed a +0 falchion
  3217 | D:5      | Noticed a +0 short sword
  3218 | D:5      | Noticed a +0 falchion
  3218 | D:5      | Noticed a +0 spear
  3218 | D:5      | Noticed a +0 dagger
  3218 | D:5      | Noticed a +0 short sword
  3219 | D:5      | Noticed a +0 spear
  3219 | D:5      | Noticed a +0 dagger
  3303 | D:5      | Found a runed translucent gate.
  3303 | D:5      | Found a runed translucent gate.
  3303 | D:5      | Found a runed translucent gate.
  3304 | D:5      | Noticed ASSMAN's ghost (weakling FoDe)
  3305 | D:5      | Noticed Colbychu's ghost (weakling KoBr)
  3400 | D:5      | Found a hide-covered altar of Uskayaw.
  3608 | D:5      | Found a basalt altar of Yredelemnul.
  3672 | D:5      | Killed Colbychu's ghost
  3674 | D:5      | Killed ASSMAN's ghost
  3710 | D:5      | Identified a scroll of acquirement
  3718 | D:5      | Acquired the ring of the Inviting Queen {rF+ Will+ Str+6
                  | Dex+6 Stlth-}
  3769 | D:6      | Reached skill level 7 in Earth Magic
  3874 | D:6      | Reached skill level 5 in Short Blades
  3932 | D:6      | Reached XP level 9. HP: 61/61 MP: 11/13
  4038 | D:6      | Reached skill level 8 in Earth Magic
  4270 | D:6      | Learned a level 2 spell: Passwall
  4333 | D:6      | Noticed Grinder
  4340 | D:6      | Killed Grinder
  4491 | D:6      | Reached skill level 5 in Stealth
  4809 | D:7      | Found an ancient bone altar of Kikubaaqudgha.
  4953 | D:7      | Reached XP level 10. HP: 67/67 MP: 14/14
  5113 | D:7      | Found a blossoming altar of Fedhas.
  5506 | D:7      | Found Utaistaw's Serpentskin Sales.
  5747 | D:8      | Found a flagged portal.
  5760 | Bailey   | Entered a bailey
  5995 | Bailey   | Noticed an orc knight
  6042 | Bailey   | Killed an orc knight
  6206 | Bailey   | Noticed an orc warlord
  6206 | Bailey   | Noticed an orc knight
  6235 | Bailey   | Killed an orc warlord
  6236 | Bailey   | Reached skill level 5 in Fighting
  6236 | Bailey   | Reached skill level 5 in Dodging
  6236 | Bailey   | Reached XP level 11. HP: 81/81 MP: 6/15
  6280 | Bailey   | Killed an orc knight
  6724 | D:8      | Got the Cyclopedia of Peregrination and Necromancy
  6931 | D:8      | Found a sparkling altar of Nemelex Xobeh.
  7110 | D:7      | Became a worshipper of Kikubaaqudgha
  7387 | D:9      | Noticed Harold
  7435 | D:9      | Found a runed translucent gate.
  7435 | D:9      | Found a runed translucent gate.
  7435 | D:9      | Found a runed translucent gate.
  7554 | D:9      | Noticed Joseph
  7565 | D:9      | Joseph changed into Joseph the acid dragon
  7565 | D:9      | Noticed Joseph
  7576 | D:9      | Killed Joseph the acid dragon
  7598 | D:9      | Reached skill level 9 in Earth Magic
  7604 | D:9      | Reached skill level 12 in Earth Magic
  7604 | D:9      | Reached XP level 12. HP: 51/84 MP: 12/16
  7933 | D:9      | Found a broken altar of Ashenzari.
  7971 | D:9      | Found a staircase to the Orcish Mines.
  7978 | D:9      | Reached * piety under Kikubaaqudgha
  7978 | D:9      | Received a gift from Kikubaaqudgha
  8000 | D:9      | Reached skill level 13 in Earth Magic
  8269 | D:9      | Noticed gabagool's ghost (journeyman MfGl)
  8551 | D:10     | Entered Level 10 of the Dungeon
  9243 | D:11     | Noticed a two-headed ogre
  9253 | D:11     | Killed a two-headed ogre
  9268 | D:11     | Noticed Sonja
  9279 | D:11     | Killed Sonja
  9280 | D:11     | Reached skill level 14 in Earth Magic
  9359 | D:11     | Reached XP level 13. HP: 93/93 MP: 13/17
  9855 | D:10     | Found a staircase to the Lair.
 10029 | D:10     | Reached ** piety under Kikubaaqudgha
 10185 | D:10     | Reached skill level 15 in Earth Magic
 10309 | D:10     | Found Nuozun's Specialty Armours.
 10418 | D:10     | Found an opulent altar of Gozag.
 10748 | D:10     | Found a glowing silver altar of Zin.
 10850 | Orc:1    | Entered Level 1 of the Orcish Mines
 10850 | Orc:1    | Noticed Josephine
 10861 | Orc:1    | Killed Josephine
 11083 | Orc:1    | Noticed Nergalle
 11093 | Orc:1    | Killed Nergalle
 11281 | Orc:1    | Found Rymaph's Book Emporium.
 11363 | Orc:1    | Found a runed translucent door.
 11365 | Orc:1    | Noticed a balrug
 11463 | Orc:1    | Noticed Maurice
 11754 | Orc:1    | Killed Maurice
 12079 | Orc:2    | Entered Level 2 of the Orcish Mines
 12448 | Orc:2    | Found a staircase to the Elven Halls.
 12755 | Orc:2    | Found Vaecrami's General Store.
 12829 | Orc:2    | Reached *** piety under Kikubaaqudgha
 12829 | Orc:2    | Received a gift from Kikubaaqudgha
 13271 | Orc:2    | Reached XP level 14. HP: 89/105 MP: 11/18
 13368 | Orc:2    | Found Lutuykk's Book Emporium.
 13381 | Orc:2    | Found Miohaug's Jewellery Shop.
 13386 | Orc:2    | Found Azehoss's Jewellery Shop.
 13396 | Orc:2    | Bought a potion of curing for 36 gold pieces
 13396 | Orc:2    | Bought a scroll of poison for 48 gold pieces
 13396 | Orc:2    | Bought 2 scrolls of blinking for 180 gold pieces
 13396 | Orc:2    | Bought a scroll of blinking for 90 gold pieces
 13419 | Orc:2    | Reached skill level 10 in Short Blades
 13588 | Orc:2    | Bought a ring of poison resistance for 240 gold pieces
 13604 | Orc:2    | Bought a book of Sloth for 612 gold pieces
 13611 | Orc:2    | Learned a level 6 spell: Statue Form
 13787 | Lair:1   | Entered Level 1 of the Lair of Beasts
 14702 | Lair:2   | Reached skill level 5 in Transmutations
 14739 | Lair:2   | Found a staircase to the Snake Pit.
 14838 | Lair:2   | Found a runed translucent gate.
 14838 | Lair:2   | Found a runed translucent gate.
 14838 | Lair:2   | Found a runed translucent gate.
 14838 | Lair:2   | Noticed jimonade's ghost (journeyman VSGl)
 14865 | Lair:2   | Identified the ring "Noydeatila" {Int+6 Dex+4}
 14920 | Lair:2   | Found a gate leading to a gauntlet.
 14932 | Gauntlet | Entered a Gauntlet
 14932 | Gauntlet | Found a transporter.
 14932 | Gauntlet | Found a transporter.
 14932 | Gauntlet | Found a transporter.
 14933 | Gauntlet | Found a transporter.
 14936 | Gauntlet | Found a transporter.
 14936 | Gauntlet | Found a transporter.
 14948 | Gauntlet | Found a transporter.
 14950 | Gauntlet | Found a transporter.
 14960 | Gauntlet | Found a transporter.
 15065 | Gauntlet | Found a transporter.
 15066 | Gauntlet | Found a transporter.
 15075 | Gauntlet | Found a transporter.
 15159 | Gauntlet | Reached **** piety under Kikubaaqudgha
 15171 | Gauntlet | Killed from afar by a death drake

Illustrated notes

Levels and vault maps discovered:
D:1:      nagdon_arrival_double_spiral, layout_basic, serial_shops,
          nicolae_shop_hallway_plus
D:2:      layout_rooms
D:3:      layout_basic, grunt_dithmenos_smoke_and_mirrors, lemuel_round_altar,
          dreamdust_princess_bridge
D:4:      layout_loops_ring, minmay_temple_entry_junction_2,
          minmay_joined_circles
D:5:      cheibrodos_iron_armory, layout_rooms, nicolae_uskayaw_en_pointe,
          lemuel_round_altar, gammafunk_ghost_cemetery
D:6:      kennysheep_spiral_hall, layout_basic, hangedman_decor_lopped,
          uniq_grinder
D:7:      minmay_general_purpose_star, layout_cave_pools,
          mainiacjoe_overflow_boulevard, fedhas_bush_and_centaur_altar,
          guppyfry_shop_venom
D:8:      layout_loops_ring, nemelex_diamond_rough_becter, enter_bailey_5,
          kennysheep_boxes
D:9:      layout_basic, lemuel_tele_altar,
          kennysheep_orc_monster_closet_entryway, gammafunk_ghost_spectres,
          uniq_joseph, uniq_harold
D:10:     layout_irregular_city, zin_scriptorium, mainiacjoe_overflow_brackets,
          david_lair_generic, serial_co_window_serial,
          co_window_of_opportunity_a, co_window_of_opportunity_a,
          co_window_corner_a, co_window_cross_1, co_window_paths_b,
          co_window_broadway_b, co_window_unsneaky_path_e, co_window_cross_2,
          co_window_unsneaky_path_a, glass_columns_b, glass_columns_b,
          glass_columns_b, glass_columns_a, nicolae_barding_shop
D:11:     layout_basic, uniq_sonja
Temple:   minmay_temple_bridge_abc
Lair:1:   layout_cave_pods
Lair:2:   layout_gridlike, nicolae_snake_entry_warm_welcome,
          gammafunk_ghost_necromancy, gauntlet_entry_generic,
          infiniplex_staircase_pool_2
Orc:1:    dreamdust_dug_too_deep, layout_caves, serial_shops,
          nicolae_shop_behind_doors, uniq_josephine, uniq_nergalle, uniq_maurice
Orc:2:    st_orc_elflike, layout_diamond_mine
Gauntlet: gammafunk_gauntlet_hard_choice [nicolae_gauntlet_arena_t_cross,
          gammafunk_gauntlet_arena_hedges, gammafunk_gauntlet_arena_chambers,
          nicolae_gauntlet_swirl, gammafunk_gauntlet_arena_corners,
          gammafunk_gauntlet_arena_split_diamond, gauntlet_exit_green]

Skill      XL: |  1  2  3  4  5  6  7  8  9 10 11 12 13 14 |
---------------+-------------------------------------------+-----
Fighting       | 1 2 5 6 8 |  8.0
Earth Magic    | 4 5 6 7 8 12 14 15 | 15.0
Stealth        | 3 4 6 8 |  8.0
Transmutations | 2 4 6 |  6.0
Short Blades   | 1 3 5 8 9 10 | 10.0
Spellcasting   | 3 |  3.0
Dodging        | 5 6 8 9 |  9.6
Evocations     | 4 |  4.0

Action                     |  1- 3 |  4- 6 |  7- 9 | 10-12 | 13-15 || total
---------------------------+-------+-------+-------+-------+-------++-------
  Melee: Dagger            |       |    11 |    65 |   147 |   187 ||   410
         Punch             |       |       |       |     3 |     4 ||     7
   Cast: Sandblast         |    45 |    67 |   147 |   190 |   235 ||   684
         Petrify           |       |       |     3 |    31 |    30 ||    64
         Stone Arrow       |       |       |       |       |    22 ||    22
  Evoke: Wand              |       |       |       |     9 |     2 ||    11
    Use: Potion            |     1 |       |       |     2 |     1 ||     4
         Scroll            |     2 |       |     7 |     2 |     7 ||    18
   Stab: Sleeping          |       |       |     3 |     2 |     2 ||     7
         Petrified         |       |       |     1 |    14 |    15 ||    30
         Petrifying        |       |       |     1 |    11 |    15 ||    27
         Paralysed         |       |       |       |       |     1 ||     1
 Armour: Robe              |     7 |    16 |    43 |    97 |    86 ||   249
  Dodge: Dodged            |    17 |    19 |    88 |   199 |   294 ||   617

Table legend: (Time is in decaauts)
 A = Elapsed time spent in this place.
 B = Non-inter-level travel time spent in this place.
 C = Inter-level travel time spent in this place.
 D = Time resting spent in this place.
 E = Time spent auto-exploring this place.
 F = Levels seen in this place.
 G = Mean time per level.
                   A        B        C        D        E       F      G
               +--------+--------+--------+--------+--------+-----+--------+
         Total |  15361 |  14200 |   1161 |    657 |   9886 |  18 |  853.4 |
       Dungeon |  10423 |   9537 |    886 |    519 |   6762 |  11 |  947.5 |
        Temple |    202 |    180 |     22 |      0 |    174 |   1 |  202.0 |
          Lair |   1171 |   1128 |     43 |     11 |    732 |   2 |  585.5 |
  Orcish Mines |   2713 |   2504 |    209 |    124 |   1791 |   2 | 1356.5 |
        Bailey |    606 |    606 |      0 |      3 |    287 |   1 |  606.0 |
      Gauntlet |    244 |    244 |      0 |      0 |    140 |   1 |  244.0 |
               +--------+--------+--------+--------+--------+-----+--------+

Top non-repeatable levels by time:
   Orc:2: 1614 daAuts
     D:9: 1532 daAuts
    D:10: 1154 daAuts
    D:11: 1123 daAuts
   Orc:1: 1098 daAuts
     D:4: 1066 daAuts
     D:7: 1028 daAuts
     D:6: 996 daAuts
     D:1: 951 daAuts
     D:8: 854 daAuts
  Lair:1: 842 daAuts
     D:5: 654 daAuts
  Bailey: 606 daAuts
     D:2: 571 daAuts
     D:3: 488 daAuts
